 Dungeon Crawl Stone Soup version 0.30-a0-782-ge64f9170bb (webtiles) character file.

Game seed: 11211209577378250505

47791 timneilson the Blocker (level 14, 0/86 HPs)
             Began as a Gargoyle Fighter on Feb 18, 2023.
             Was a High Priest of Okawaru.
             Slain by a tentacled starspawn (20 damage)
             ... while paralysed by accursed screaming
             ... on level 3 of the Abyss.
             The game lasted 00:52:07 (17398 turns).

timneilson the Blocker (Gargoyle Fighter)          Turns: 17398, Time: 00:52:08

Health: 0/86       AC: 39    Str: 22    XL:     14   Next: 43%
Magic:  18/20      EV: -1    Int: 13    God:    Okawaru [*****.]
Gold:   1300       SH:  0    Dex: 13    Spells: 13/13 levels left

rFire   + . .      SeeInvis .    I - +2 scimitar (heavy)
rCold   + . .      Faith    .    z - +0 kite shield
rNeg    + . .      Spirit   .    F - +0 plate armour
rPois   ∞          Reflect  .    P - +1 helmet {Int+3}
rElec   +          Harm     .    l - +1 cloak
rCorr   .          Rampage  .    J - +3 pair of gloves of Evolution {Str+2}
Will    +....                    x - +2 pair of boots Stlth
                                 p - amulet of regeneration
HPRegen 1.14/turn                c - ring of protection from fire
MPRegen 0.17/turn                G - ring of protection from cold

@: paralysed, finesse-ful, flying, slowed, constricted
A: sickness immunity, AC +10, big wings, negative energy resistance 1,
electricity resistance, torment resistance 1, petrification resistance
a: Renounce Religion, Heroism, Finesse, Duel


You were on level 3 of the Abyss.
You worshipped Okawaru.
Okawaru was extremely pleased with you.
You visited 3 branches of the dungeon, and saw 18 of its levels.
You visited the Abyss 1 time.
You also visited: Sewer, Ossuary, Bailey, Gauntlet and Volcano.

You collected 1300 gold pieces.

Inventory:

Hand Weapons
 a - a +0 long sword
 m - a +0 scimitar of flaming
 I - a +2 heavy scimitar (weapon)
Armour
 l - a +1 cloak (worn)
 x - a +2 pair of boots (worn)
 z - a +0 kite shield (worn)
 F - a +0 plate armour (worn)
 J - the +3 pair of gloves of Evolution (worn) {Str+2}
   (You acquired it on level 2 of the Lair of Beasts)

   Str:       It affects your strength (+2).
 P - a +1 helmet of intelligence (worn)
Jewellery
 c - a ring of protection from fire (left hand)
 p - an amulet of regeneration (around neck)
 G - a ring of protection from cold (right hand)
Wands
 d - a wand of mindburst (24)
 i - a wand of paralysis (24)
 w - a wand of flame (10)
 y - a wand of iceblast (2)
Scrolls
 e - 5 scrolls of enchant armour
 h - a scroll of enchant weapon
 n - 4 scrolls of poison
 q - 6 scrolls of teleportation
 u - 2 scrolls of vulnerability
 A - 2 scrolls of fog
 B - 6 scrolls of identify
 E - 6 scrolls of immolation
 K - a scroll of magic mapping
 N - 2 scrolls of blinking
 O - 2 scrolls of amnesia
Potions
 b - 2 potions of resistance
 f - 3 potions of cancellation
 g - 2 potions of haste
 j - 3 potions of ambrosia
 k - 11 potions of mutation
 o - 2 potions of invisibility
 r - 7 potions of lignification
 s - 4 potions of might
 t - a potion of curing
 v - 5 potions of flight
 D - a potion of attraction
 H - a potion of berserk rage
Miscellaneous
 C - a tin of tremorstones (2/2)


   Skills:
 + Level 9.5 Fighting
 * Level 10.7 Long Blades
 * Level 12.8 Armour
 + Level 6.7 Dodging
 * Level 12.9 Shields
 + Level 8.3 Invocations
 + Level 6.6 Evocations


You had 13 spell levels left.
You didn't know any spells.
Your spell library contained the following spells:

 Spells                   Type           Power      Damage    Failure   Level
 Apportation              Tloc           0%         N/A       100%        1
 Kiss of Death            Conj/Necr      0%         2d5       100%        1
 Necrotise                Necr           0%         1d4       100%        1
 Slow                     Hex            0%         N/A       100%        1
 Sting                    Tmut/Pois      0%         1d3       100%        1
 Passwall                 Tmut/Erth      0%         N/A       100%        2
 Scorch                   Fire           0%         2d5       100%        2
 Confusing Touch          Hex            0%         N/A       100%        3
 Vampiric Draining        Necr           0%         2d6       100%        3
 Dispel Undead            Necr           0%         3d6       100%        4
 Flame Wave               Conj/Fire      0%         2d4       100%        4
 Passage of Golubria      Tloc           0%         N/A       100%        4
 Petrify                  Tmut/Erth      0%         N/A       100%        4
 Alistair's Intoxication  Tmut/Pois      0%         N/A       100%        5
 Borgnjor's Vile Clutch   Necr/Erth      0%         N/A       100%        5
 Metabolic Englaciation   Hex/Ice        0%         N/A       100%        5
 Silence                  Hex/Air        0%         N/A       100%        5
 Eringya's Noxious Bog    Tmut/Pois      0%         N/A       100%        6
 Orb of Destruction       Conj           0%         9d5       100%        7
 Lehudib's Crystal Spear  Conj/Erth      0%         10d2      100%        8
 Summon Small Mammal      Summ           Unusable   N/A       N/A         1
 Summon Guardian Golem    Hex/Summ       Unusable   N/A       N/A         3
 Statue Form              Tmut/Erth      Unusable   N/A       N/A         6
 Summon Cactus Giant      Summ           Unusable   N/A       N/A         6
 Spellforged Servitor     Conj/Summ      Unusable   N/A       N/A         7

Dungeon Overview and Level Annotations

Branches:
Dungeon (12/15)            Temple (1/1) D:5            Lair (5/5) D:8
  Swamp (0/4) Lair:3        Snake (0/4) Lair:3          Orc (0/2) D:10
  Sewer (visited)         Ossuary (visited)          Bailey (visited)
Volcano (visited)         Gauntlet (visited)
  Slime: Lair:4-5

Altars:
Ashenzari
Cheibriados
Dithmenos
Elyvilon
Fedhas
Gozag
Hepliaklqana
Kikubaaqudgha
Makhleb
Nemelex Xobeh
Okawaru
Qazlal
Ru
Sif Muna
Trog
Uskayaw
Vehumet
Wu Jian
Xom
Yredelemnul
Zin
The Shining One

Annotations:
D:5 3 runed translucent doors, Esekla's ghost, weakling OpDe
Lair:3 exclusion: oklob plant


Innate Abilities, Weirdness & Mutations

You are immune to sickness and miasma.
Your stone body is resilient. (AC +10)
You are immune to poison.
Your large and strong wings let you fly.
You resist negative energy. (rN+)
You are resistant to electric shocks. (rElec)
You are resistant to unholy torment.
You are immune to petrification.


Message History

The thrashing horror tramples you but does no damage.
The thrashing horror tramples you.
You hold your ground!
The ufetubus hits you but does no damage.
The ufetubus closely misses you. You block the ufetubus's attack.
The ufetubus completely misses you. The ynoxinul barely misses you.
You block the ufetubus's attack. x2; The thrashing horror tramples you.
You are shoved backwards!
A deafening chorus of shrieks assaults your mind!
The thrashing horror churns violently!
The thrashing horror seems to grow stronger.
The tentacled starspawn bites you but does no damage.
The tentacled starspawn tentacle-slaps you.
The starspawn tentacle grabs you. The starspawn tentacle constricts you.
The ynoxinul gestures.
The starcursed mass touches you but does no damage.
The thrashing horror tramples you but does no damage. x2
Aiming: Quicksilver Bolt
Press: ? - help, Shift-Dir - straight line, f/p - shadow demon
Aim: a shadow demon (severely wounded, 67% to hit)
The bolt of dispelling energy hits the starspawn tentacle!
The starspawn tentacle is severely damaged.
The bolt of dispelling energy hits the shadow demon!!
The shadow demon is almost dead.
The now-empty wand crumbles to dust.
The thrashing horror tramples you but does no damage.
You block the thrashing horror's attack.
The thrashing horror tramples you but does no damage.
The thrashing horror barely misses you.
You block the tentacled starspawn's attack.
The tentacled starspawn tentacle-slaps you.
The starspawn tentacle constricts you.
You block the thrashing horror's attack.
The thrashing horror tramples you but does no damage.
The ynoxinul hits you but does no damage.
A deafening chorus of shrieks assaults your mind!
* * * LOW HITPOINT WARNING * * *
You suddenly lose the ability to move!
The ufetubus hits you but does no damage. x2
The tentacled starspawn bites you!!
You die...

...... .## #....
..##...###
#.....#.## # #
####........ . ..
#.........#... #
. #..X.55.......
..
#..553X5.........
. #####@####.####
## #..XwXX##.#
#...2#XX#.#
......X .#X##
..#.#.# x..# .
#... .... #...
### . .... .#


You could see 6 starcursed masses, a tentacled starspawn, a shadow demon, 2
thrashing horrors, a ynoxinul (summoned), a small abomination, a starspawn
tentacle and 5 ufetubi.

Vanquished Creatures
  A lich (Abyss:3)
  An Executioner (Abyss:3)
  A minotaur (Gauntlet)
  A great orb of eyes (Gauntlet)
  A hydra (Lair:5)
  A boulder beetle (Lair:5)
  A catoblepas (Lair:1)
  A death scarab (Gauntlet)
  2 thrashing horrors (Abyss:3)
  2 death yaks (Lair:4)
  Urug (Lair:4)
  A soul eater (Abyss:3)
  Amaemon (D:9)
  2 skysharks
  3 bog bodies (Lair:3)
  A lindwurm (Lair:4)
  2 orc knights
  2 deep elf pyromancers
  A spectral boulder beetle (Gauntlet)
  2 wolf spiders (Lair:3)
  2 salamanders
  3 cyclopes
  An ugly thing (Gauntlet)
  5 black mambas
  A rust devil (D:9)
  An elephant (Lair:3)
  A molten gargoyle (Volcano)
  A smoke demon (Abyss:3)
  Joseph (D:7)
  2 orange demons (D:9)
  Maggie (Lair:1)
  2 gargoyles (Volcano)
  A torpor snail (Lair:4)
  6 cane toads
  An unseen horror (D:10)
  A rime drake (Lair:2)
  2 minotaur zombies (Gauntlet)
  5 komodo dragons
  2 red devils (D:9)
  A hellwing (Abyss:3)
  A polar bear (Lair:4)
  Grinder (D:5)
  2 ancient zymes (Abyss:3)
  3 large abominations (Abyss:3)
  A hornet (D:8)
  Prince Ribbit (D:7)
  7 dream sheep (Lair:1)
  10 blink frogs
  Sigmund (D:2)
  A shadow (D:10)
  3 wraiths
  2 ynoxinuls
  Eustachio (D:5)
  3 wyverns
  33 yaks
  3 basilisks
  2 chaos spawn (Gauntlet)
  A neqoxec (Gauntlet)
  Edmund (D:5)
  A swamp worm (Lair:3)
  2 acid dragons
  11 orc warriors
  3 ice beasts
  12 water moccasins
  An ogre (D:6)
  2 sky beasts
  4 black bears
  9 wolves
  3 centaurs
  4 kobold brigands
  10 bullfrogs
  Blork the orc (D:4)
  5 gnoll sergeants
  3 small abominations (Abyss:3)
  5 scorpions
  5 killer bees (D:9)
  4 howler monkeys
  3 electric eels
  A crimson imp (D:7)
  4 hounds
  3 lava snakes (Lair:3)
  3 quasits (D:9)
  An orc priest (D:11)
  3 jellies
  An iguana (D:6)
  3 orc wizards
  A hell rat (Lair:1)
  8 mummies (Ossuary)
  18 gnolls
  8 adders
  4 river rats
  A shadow imp (Abyss:3)
  A white imp (D:6)
  An ufetubus (D:6)
  7 worms
  2 dart slugs
  23 orcs
  6 bats
  5 endoplasms
  A giant cockroach (D:2)
  A gnoll zombie (Ossuary)
  6 goblins
  4 hobgoblins
  12 jackals
  6 quokkas
  4 ball pythons
  6 frilled lizards
  4 hobgoblin zombies (Ossuary)
  31 kobolds
  A kobold zombie (Ossuary)
  2 orc zombies (Ossuary)
  16 rats
431 creatures vanquished.

Vanquished Creatures (others)
  A hellwing (Abyss:3)
  A hobgoblin (D:1)
  A bush (Lair:5)
  10 demonic plants (D:9)
  9 fungi
  18 plants
  2 starspawn tentacles (Abyss:3)
  14 withered plants (Gauntlet)
56 creatures vanquished.

Grand Total: 487 creatures vanquished

Notes
Turn   | Place    | Note
-------+----------+-------------------------------------------
     0 | D:1      | timneilson the Gargoyle Fighter began the quest for the
                  | Orb.
     0 | D:1      | Reached XP level 1. HP: 14/14 MP: 1/1
   192 | D:1      | Reached XP level 2. HP: 19/19 MP: 2/2
   351 | D:1      | Found a faded altar of an unknown god.
   515 | D:1      | Reached XP level 3. HP: 20/23 MP: 3/3
  1171 | D:2      | Reached XP level 4. HP: 21/28 MP: 4/4
  1314 | D:2      | Noticed Sigmund
  1337 | D:2      | Killed Sigmund
  1338 | D:2      | Reached skill level 1 in Dodging
  1338 | D:2      | Reached XP level 5. HP: 28/33 MP: 5/5
  1447 | D:2      | Identified the +3 leather armour of Cant {MP+9 Stlth+}
  1528 | D:2      | Reached XP level 6. HP: 38/38 MP: 6/6
  1783 | D:3      | Found a broken altar of Ashenzari.
  2175 | D:3      | Found a shimmering blue altar of Sif Muna.
  2175 | D:3      | Found a bloodstained altar of Trog.
  2176 | D:3      | Found a shimmering altar of Xom.
  2177 | D:3      | Found an ancient bone altar of Kikubaaqudgha.
  2858 | D:4      | Noticed Blork the orc
  2872 | D:4      | Killed Blork the orc
  3292 | D:5      | Entered Level 5 of the Dungeon
  3304 | D:5      | Noticed a black bear
  3312 | D:5      | Killed a black bear
  3313 | D:5      | Reached skill level 5 in Armour
  3313 | D:5      | Reached skill level 5 in Shields
  3345 | D:5      | Reached XP level 7. HP: 26/43 MP: 7/7
  3457 | D:5      | Found a staircase to the Ecumenical Temple.
  3478 | Temple   | Entered the Ecumenical Temple
  3638 | Temple   | Became a worshipper of Warmaster Okawaru
  3652 | D:5      | Noticed Edmund
  3664 | D:5      | Killed Edmund
  3667 | D:5      | Noticed Eustachio
  3674 | D:5      | Killed Eustachio
  3675 | D:5      | Reached skill level 1 in Invocations
  3678 | D:5      | Reached XP level 8. HP: 48/48 MP: 8/8
  3679 | D:5      | Noticed Grinder
  3694 | D:5      | Killed Grinder
  3694 | D:5      | Reached * piety under Okawaru
  3827 | D:5      | Found a runed translucent gate.
  3827 | D:5      | Noticed Esekla's ghost (weakling OpDe)
  3828 | D:5      | Found a runed translucent gate.
  3828 | D:5      | Identified the +3 chain mail of Deot Rop {rPois}
  3829 | D:5      | Found a runed translucent gate.
  4044 | D:5      | Reached skill level 5 in Fighting
  4312 | D:6      | Reached skill level 1 in Evocations
  4360 | D:6      | Reached skill level 5 in Long Blades
  4376 | D:6      | Reached ** piety under Okawaru
  4377 | D:6      | Reached XP level 9. HP: 40/54 MP: 10/10
  4416 | D:6      | Found a glowing silver altar of Zin.
  4424 | D:6      | Found a blossoming altar of Fedhas.
  4427 | D:6      | Found a hazy altar of Hepliaklqana.
  4702 | D:6      | Found a glowing drain.
  4712 | Sewer    | Entered a sewer
  5348 | D:7      | Noticed Prince Ribbit
  5402 | D:7      | Killed Prince Ribbit
  5411 | D:7      | Noticed Joseph
  5424 | D:7      | Killed Joseph
  5424 | D:7      | Reached *** piety under Okawaru
  5513 | D:7      | Found a radiant altar of Vehumet.
  5513 | D:7      | Found a burning altar of Makhleb.
  5547 | D:7      | Reached XP level 10. HP: 37/60 MP: 8/12
  6025 | D:8      | Found a hide-covered altar of Uskayaw.
  6221 | D:8      | Found a sand-covered staircase.
  6230 | Ossuary  | Entered an ossuary
  6507 | D:8      | Found a staircase to the Lair.
  6925 | D:9      | Identified the +3 falchion "Omullile" {venom, rPois SInv}
  6960 | D:9      | Reached **** piety under Okawaru
  6972 | D:9      | Noticed a rust devil
  7012 | D:9      | Killed a rust devil
  7026 | D:8      | HP: 3/61 [quasit (2)]
  7242 | D:9      | Noticed an orange demon
  7286 | D:9      | Killed an orange demon
  7570 | D:9      | Noticed Amaemon
  7570 | D:9      | Noticed an orange demon
  7587 | D:9      | Killed Amaemon
  7593 | D:9      | Killed an orange demon
  7801 | D:9      | Reached XP level 11. HP: 63/66 MP: 12/14
  8029 | D:9      | Found a sacrificial altar of Ru.
  8147 | D:9      | Found a stormy altar of Qazlal.
  8307 | D:10     | Entered Level 10 of the Dungeon
  8376 | D:10     | Reached skill level 5 in Invocations
  8392 | D:10     | Found a shadowy altar of Dithmenos.
  8451 | D:10     | Found a staircase to the Orcish Mines.
  8526 | D:10     | Found a flagged portal.
  8618 | Bailey   | Entered a bailey
  8699 | Bailey   | Noticed an orc knight
  8702 | Bailey   | Found a large runed translucent door.
  8702 | Bailey   | Found a large runed translucent door.
  8704 | Bailey   | Noticed a deep elf pyromancer
  8717 | Bailey   | Killed an orc knight
  8872 | Bailey   | Killed a deep elf pyromancer
  9610 | D:11     | Identified the +2 pair of gloves of Free Expression {rF+
                  | rC- Str+3}
  9754 | D:11     | Noticed a cyclops
  9773 | D:11     | Killed a cyclops
 10345 | D:12     | Reached skill level 10 in Shields
 10536 | D:12     | Noticed a deep elf pyromancer
 10555 | D:12     | Killed a deep elf pyromancer
 10640 | D:12     | Noticed a cyclops
 10655 | D:12     | Killed a cyclops
 10656 | D:12     | Reached skill level 10 in Armour
 10656 | D:12     | Reached skill level 5 in Dodging
 11139 | Lair:1   | Entered Level 1 of the Lair of Beasts
 11285 | Lair:1   | Reached XP level 12. HP: 63/72 MP: 14/16
 11343 | Lair:1   | Noticed a catoblepas
 11372 | Lair:1   | Killed a catoblepas
 11461 | Lair:1   | Reached ***** piety under Okawaru
 11589 | Lair:1   | Noticed Maggie
 11604 | Lair:1   | Killed Maggie
 12270 | Lair:1   | Reached skill level 5 in Evocations
 13221 | Lair:2   | Received a gift from Okawaru
 13278 | Lair:2   | Found an ornate altar of the Wu Jian Council.
 13579 | Lair:2   | Reached XP level 13. HP: 51/79 MP: 12/18
 13624 | Lair:2   | Found a gate leading to a gauntlet.
 13635 | Gauntlet | Entered a Gauntlet
 13635 | Gauntlet | Found a transporter.
 13635 | Gauntlet | Found a transporter.
 13677 | Gauntlet | Found a transporter.
 13692 | Gauntlet | Found a transporter.
 13692 | Gauntlet | Found a transporter.
 13694 | Gauntlet | Found a transporter.
 13694 | Gauntlet | Found a transporter.
 13695 | Gauntlet | Found a transporter.
 13697 | Gauntlet | Noticed a great orb of eyes
 13706 | Gauntlet | Found a transporter.
 13722 | Gauntlet | Found a transporter.
 13732 | Gauntlet | Found a transporter.
 13740 | Gauntlet | Noticed a dire elephant
 13746 | Gauntlet | Found a transporter.
 13766 | Gauntlet | Found a transporter.
 13781 | Gauntlet | Found a transporter.
 14297 | Gauntlet | Killed a great orb of eyes
 14310 | Gauntlet | Identified the ring "Zimilais" {Wiz Int+2 Dex+4}
 14324 | Gauntlet | Noticed a minotaur
 14375 | Gauntlet | Killed a minotaur
 14403 | Gauntlet | Got Doas Lehuvea's Volume of the Mantle and the
                  | Shapeshifter
 14866 | Lair:2   | Identified a scroll of acquirement
 14867 | Lair:2   | Acquired the +3 pair of gloves of Evolution {Str+2}
 15036 | Lair:3   | Found a staircase to the Snake Pit.
 15757 | Lair:3   | Found a staircase to the Swamp.
 16369 | Lair:4   | Reached skill level 10 in Long Blades
 16444 | Lair:4   | Noticed Urug
 16477 | Lair:4   | Killed Urug
 16614 | Lair:4   | Identified the +4 scale mail "Daucig" {rN+}
 16884 | Lair:5   | Entered Level 5 of the Lair of Beasts
 16946 | Lair:5   | Gained mutation: Your large and strong wings let you fly.
                  | [Gargoyle growth]
 16946 | Lair:5   | Reached XP level 14. HP: 86/86 MP: 19/19
 17011 | Lair:5   | Found a dark tunnel.
 17032 | Volcano  | Entered a volcano
 17171 | Abyss:3  | Cast into level 3 of the Abyss (a wizard)
 17207 | Abyss:3  | Found a corrupted altar of Lugonu.
 17261 | Abyss:3  | Found a corrupted altar of Lugonu.
 17345 | Abyss:3  | Noticed an Executioner
 17355 | Abyss:3  | Killed an Executioner
 17380 | Abyss:3  | Noticed a lich
 17384 | Abyss:3  | Noticed a starcursed mass
 17384 | Abyss:3  | Noticed a tentacled starspawn
 17390 | Abyss:3  | Paralysed by accursed screaming for 1 turns
 17392 | Abyss:3  | Killed a lich
 17398 | Abyss:3  | Paralysed by accursed screaming for 1 turns
 17398 | Abyss:3  | Slain by a tentacled starspawn

Illustrated notes

Levels and vault maps discovered:
D:1:      ebering_hopf_link, layout_loops_corners,
          hellmonk_ecumenical_altar_dog_temple
D:2:      layout_basic, uniq_sigmund
D:3:      layout_loops_ring, mainiacjoe_overflow_chevrons, minitemple
D:4:      layout_loops_ring, uniq_blork_the_orc
D:5:      layout_rooms, minmay_temple_entry_glassed_door,
          biasface_ghost_orc_armoury, dreamdust_princess_bridge, uniq_edmund,
          uniq_eustachio, uniq_grinder
D:6:      layout_basic, minmay_overflow_temple_star_quad,
          cheibrodos_sewer_entry_bend
D:7:      layout_basic, grunt_temple_overflow_lords_of_destruction,
          uniq_prince_ribbit1, uniq_joseph
D:8:      layout_loops_ring, nicolae_uskayaw_dance_hall,
          grunt_lair_entry_orc_guard_hut, chequers_ossuary_entry_cave,
          minmay_crystal_room
D:9:      layout_loops_ring, lemuel_round_altar, mainiacjoe_overflow_alcove_2,
          serial_demonic, serial_demonic_d, serial_demonic_g, serial_demonic_c,
          serial_demonic_c, serial_demonic_b, uniq_amaemon
D:10:     layout_roguey, grunt_dithmenos_shadows, orc_0_dummy, enter_bailey_8
D:11:     layout_gridville
D:12:     layout_small_grid, roderic_lattice_a
Temple:   nicolae_temple_two_arcs
Lair:1:   layout_layer_cave, kennysheep_abandoned_house, uniq_maggie
Lair:2:   layout_misc_corridors, gauntlet_entry_generic, basic_altar,
          grunt_megastairs_4
Lair:3:   minmay_lair_oklob_chamber, layout_regular_city,
          nicolae_swamp_entry_splash_gauntlet, nicolae_snake_entry_warm_welcome,
          nicolae_lair_run_with_the_wolves
Lair:4:   layout_roguey, uniq_urug
Lair:5:   evilmike_catoblepas_cave, layout_long_grid,
          nicolae_slime_entry_field_trip, nicolae_volcano_entry_lava_flow,
          minivault_11, nicolae_quartered_pool_super, infiniplex_staircase_pool
Abyss:3:  base: D:14, hangedman_abyss_feature_spike, hangedman_abyss_shoalhut,
          hangedman_abyss_monster_moat
Volcano:  hellmonk_zot_springs

Skill      XL: |  1  2  3  4  5  6  7  8  9 10 11 12 13 14 |
---------------+-------------------------------------------+-----
Long Blades    | 2 3 4 5 6 7 8 9 10 | 10.7
Shields        | 4 5 6 7 9 10 11 12 | 12.9
Armour         | 4 5 6 7 8 10 11 12 | 12.8
Dodging        | 1 2 3 4 5 6 |  6.7
Fighting       | 4 5 6 7 8 9 |  9.5
Invocations    | 1 2 3 4 5 6 7 8 |  8.3
Evocations     | 1 2 3 4 5 6 |  6.6

Action                     |  1- 3 |  4- 6 |  7- 9 | 10-12 | 13-15 || total
---------------------------+-------+-------+-------+-------+-------++-------
  Melee: Long sword        |   148 |     8 |       |       |       ||   156
         Scimitar          |       |   155 |   361 |  1305 |   808 ||  2629
 Invoke: Heroism           |       |       |     1 |    15 |    13 ||    29
         Finesse           |       |       |       |     1 |     4 ||     5
  Evoke: Wand              |       |       |       |     3 |     6 ||     9
    Use: Scroll            |     2 |     6 |     5 |    12 |     4 ||    29
         Potion            |       |       |     1 |    18 |    11 ||    30
 Armour: Scale mail        |   104 |    64 |       |       |       ||   168
         Chain mail        |       |    23 |   261 |   972 |    58 ||  1314
         Plate armour      |       |       |       |       |   533 ||   533
  Dodge: Dodged            |    95 |    55 |   142 |   592 |   309 ||  1193
  Block: Buckler           |    34 |    48 |   109 |    54 |       ||   245
         Kite shield       |       |       |       |   814 |   580 ||  1394

Table legend: (Time is in decaauts)
 A = Elapsed time spent in this place.
 B = Non-inter-level travel time spent in this place.
 C = Inter-level travel time spent in this place.
 D = Time resting spent in this place.
 E = Time spent auto-exploring this place.
 F = Levels seen in this place.
 G = Mean time per level.
                   A        B        C        D        E       F      G
               +--------+--------+--------+--------+--------+-----+--------+
         Total |  17725 |  17210 |    515 |    498 |  10144 |  24 |  738.5 |
       Dungeon |  10307 |   9919 |    388 |    102 |   6432 |  12 |  858.9 |
        Temple |    169 |    147 |     22 |      0 |    142 |   1 |  169.0 |
          Lair |   5023 |   4918 |    105 |     71 |   3081 |   5 | 1004.6 |
         Abyss |    240 |    240 |      0 |      0 |      0 |   1 |  240.0 |
         Sewer |    356 |    356 |      0 |      0 |    167 |   1 |  356.0 |
       Ossuary |    264 |    264 |      0 |      0 |    149 |   1 |  264.0 |
        Bailey |    290 |    290 |      0 |      0 |     22 |   1 |  290.0 |
       Volcano |    146 |    146 |      0 |     39 |      0 |   1 |  146.0 |
      Gauntlet |    926 |    926 |      0 |    286 |    150 |   1 |  926.0 |
               +--------+--------+--------+--------+--------+-----+--------+

Top non-repeatable levels by time:
  Lair:1: 2207 daAuts
     D:9: 1278 daAuts
  Lair:3: 1193 daAuts
     D:1: 949 daAuts
     D:8: 933 daAuts
Gauntlet: 926 daAuts
    D:12: 922 daAuts
     D:3: 921 daAuts
    D:10: 874 daAuts
  Lair:4: 822 daAuts
     D:7: 820 daAuts
     D:2: 810 daAuts
     D:5: 717 daAuts
    D:11: 708 daAuts
     D:4: 701 daAuts
